Map: [ESL] Waterfall

Players

TIME (Oliveira) - Winner!

  • Race: Terran Terran

DPGJieShi (Jieshi)

  • Race: Protoss Protoss

Event: DreamHack SC2 Masters 2022 Atlanta (Online)

VOD

Have the link to the VOD?

Description

Time

  • Played on: Oct. 8, 2022, 8:48 a.m.
  • Length: 10:30

All games in this series

Show
View Real Time Build Order
Export as new Build Order

TIME Terran - Winner!

Build Orders: Gas First Reaper Expand, Banshee Rush 

Get SALT Encoding   

  12  0:00  SCV  
  13  0:12  SCV  
  14  0:17  Supply Depot  
  14  0:24  SCV  
  15  0:32  Refinery  
  15  0:39  SCV  
  16  0:44  Barracks  
  16  0:51  SCV  
  17  1:03  SCV  
  18  1:15  SCV  
  19  1:30  Reaper, Orbital Command  
  20  1:42  Command Center  
  20  1:53  Factory  
  20  1:56  SCV  
  21  2:03  Refinery  
  21  2:08  SCV  
  22  2:09  Barracks Reactor  
  22  2:13  Supply Depot  
  22  2:20  SCV  
  23  2:34  SCV  
  24  2:37  Starport  
  24  2:40  Hellion  
  26  2:46  SCV, Marine x2  
  29  2:53  Orbital Command  
  29  2:58  SCV  
  29  3:02  Factory Tech Lab  
  29  3:04  Marine  
  29  3:05  Marine  
  32  3:12  SCV  
  33  3:16  Orbital Command  
  33  3:25  Banshee, Cloaking Field  
  33  3:26  Factory Tech Lab  
  36  3:27  SCV  
  36  3:29  Marine  
  36  3:31  Marine  
  39  3:35  Supply Depot  
  39  3:41  SCV  
  39  3:42  SCV  
  39  3:46  Siege Tank  
  44  3:50  Marine x2  
  46  3:57  SCV x2  
  46  3:59  Supply Depot  
  48  4:08  Banshee, Marine x2  
  48  4:09  SCV  
  54  4:17  Supply Depot  
  54  4:20  SCV  
  54  4:21  SCV  
  56  4:26  Marine x2  
  56  4:27  Siege Tank  
  61  4:33  SCV  
  62  4:39  SCV  
  62  4:42  Supply Depot  
  62  4:45  SCV  
  64  4:47  Barracks  
  64  4:48  Marine x2  
  64  4:51  Barracks  
  66  4:53  Banshee  
  66  4:54  SCV  
  70  5:03  SCV  
  70  5:05  Supply Depot  
  71  5:07  Engineering Bay  
  71  5:09  Siege Tank  
  71  5:11  SCV  
  71  5:13  Refinery  
  75  5:15  SCV  
  75  5:16  Marine x2  
  75  5:20  Supply Depot  
  78  5:26  SCV  
  78  5:27  SCV  
  80  5:33  Marine  
  78  5:38  SCV  
  78  5:41  SCV  
  67  5:51  Marine  
  67  5:55  SCV, Starport Reactor  
  67  5:58  SCV  
  67  5:59  Command Center, Factory Reactor, Refinery  
  67  6:04  Stimpack, Combat Shield  
  67  6:05  Marine x2  
  67  6:07  SCV  
  67  6:10  SCV  
  69  6:18  Terran Infantry Weapons Level 1  
  67  6:19  SCV  
  67  6:20  Supply Depot  
  67  6:22  Marauder  
  67  6:23  Marauder, Marine  
  73  6:27  Barracks, SCV  
  73  6:28  Barracks  
  74  6:36  Medivac  
  76  6:41  Medivac  
  76  6:42  SCV x2, Marine  
  76  6:44  Marauder, Marine  
  76  6:45  Marauder  
  76  6:46  Widow Mine  
  88  6:48  Supply Depot  
  88  6:50  Widow Mine  
  90  7:00  SCV  
  91  7:03  Marine x2  
  91  7:05  SCV, Marauder  
  91  7:06  Marauder  
  98  7:11  Orbital Command  
  98  7:12  Supply Depot  
  98  7:13  Widow Mine x2  
  102  7:18  Barracks Reactor, Barracks Tech Lab  
  102  7:21  SCV  
  102  7:22  SCV  
  104  7:23  Marine x2  
  104  7:27  Marauder x2  
  110  7:30  Medivac x2  
  110  7:33  SCV  
  110  7:35  SCV  
  110  7:36  Orbital Command  
  116  7:42  Marine x2  
  116  7:43  Marauder  
  117  7:45  Engineering Bay  
  117  7:46  Armory  
  117  7:51  Marine  
  117  7:52  Marauder  
  117  7:56  SCV  
  117  7:57  Marine  
  118  8:00  SCV, Widow Mine x2, Marine  
  118  8:02  SCV  
  118  8:04  Supply Depot, Marine  
  123  8:08  Concussive Shells  
  123  8:10  Marine x2  
  123  8:11  Marauder  
  127  8:13  SCV  
  123  8:22  Marauder, Marine x2  
  123  8:24  SCV  
  123  8:25  Marine  
  123  8:26  Widow Mine x2  
  121  8:27  SCV  
  121  8:28  Marauder, Marine  
  121  8:33  Medivac  
  121  8:34  Medivac  
  129  8:35  Terran Infantry Armor Level 1  
  129  8:39  Marauder  
  131  8:41  Refinery  
  131  8:42  Refinery  
  131  8:43  Supply Depot, Marine  
  127  8:50  Marauder, Marine x2  
  121  8:59  Marine  
  112  9:03  Marine x2  
  112  9:04  Marauder  
  112  9:07  Widow Mine  
  112  9:08  Marine  
  117  9:12  Marine  
  117  9:13  Marauder  
  117  9:16  Marine  
  118  9:21  Marine  
  118  9:22  Marauder  
  121  9:25  Marine x2  
  121  9:29  SCV  
  121  9:30  Command Center  
  122  9:32  Marine  
  122  9:33  Ghost Academy  
  122  9:35  SCV  
  122  9:38  Marine  
  121  9:39  Marauder, Marine  
  121  9:41  Medivac, Widow Mine x2  
  121  9:42  Medivac  
  121  9:45  Marine  
  132  9:46  Marauder  
  132  9:50  Marine x2  
  132  9:51  Supply Depot  
  134  9:59  Marine  
  129  10:08  Marauder x2, Marine x3  
Show
View Real Time Build Order
Export as new Build Order

DPGJieShi Protoss 

Build Orders: 1 Gate Expand, Blink Stalkers 

Get SALT Encoding   

  12  0:00  Probe  
  13  0:13  Probe  
  14  0:18  Pylon  
  14  0:25  Probe (Chrono Boost)  
  15  0:36  Gateway  
  15  0:37  Probe (Chrono Boost)  
  16  0:44  Probe (Chrono Boost)  
  16  0:46  Assimilator  
  17  0:51  Probe  
  18  1:03  Probe  
  19  1:18  Nexus  
  19  1:28  Cybernetics Core  
  19  1:31  Probe  
  20  1:35  Assimilator  
  20  1:43  Probe  
  20  1:46  Pylon  
  21  1:55  Probe  
  22  2:01  Stalker (Chrono Boost)  
  22  2:04  Warp Gate  
  22  2:07  Probe  
  25  2:18  Twilight Council  
  25  2:20  Probe (Chrono Boost)  
  26  2:26  Stalker (Chrono Boost)  
  28  2:31  Probe (Chrono Boost)  
  30  2:38  Probe (Chrono Boost)  
  30  2:40  Probe (Chrono Boost)  
  30  2:42  Shield Battery  
  31  2:45  Probe x2 (Chrono Boost)  
  31  2:50  Blink (Chrono Boost)  
  33  2:57  Probe  
  34  2:59  Probe  
  35  3:07  Gateway  
  35  3:11  Probe x2  
  37  3:21  Robotics Facility  
  37  3:23  Probe x2  
  39  3:35  Probe x2  
  41  3:45  Nexus  
  41  3:47  Probe  
  41  3:48  Probe  
  43  3:50  Pylon  
  43  3:55  Stalker  
  45  3:59  Probe  
  46  4:08  Observer, Probe, Pylon  
  46  4:09  Stalker  
  50  4:12  Probe  
  50  4:15  Assimilator  
  51  4:18  Stalker  
  51  4:20  Probe  
  54  4:26  Probe  
  55  4:36  Observer  
  56  4:38  Charge  
  56  4:40  Probe x2, Forge  
  58  4:46  Gateway  
  58  4:48  Gateway  
  58  4:52  Probe x2  
  60  4:53  Pylon  
  58  5:06  Observer, Stalker x2  
  62  5:12  Shield Battery  
  62  5:16  Photon Cannon  
  62  5:29  Stalker  
  62  5:30  Stalker  
  66  5:42  Stalker x2  
  60  5:48  Probe x2  
  52  5:53  Stalker  
  52  5:54  Stalker  
  49  6:00  Probe x2  
  51  6:05  Probe  
  51  6:07  Stalker  
  51  6:08  Protoss Ground Weapons Level 1 (Chrono Boost), Stalker, Pylon  
  56  6:12  Probe x2  
  56  6:17  Probe  
  58  6:18  Observer  
  58  6:23  Gateway  
  58  6:24  Gateway, Probe x2  
  60  6:29  Probe  
  60  6:31  Stalker  
  63  6:33  Stalker  
  63  6:36  Probe x2  
  67  6:41  Stalker  
  67  6:44  Probe  
  69  6:48  Probe x2  
  71  6:55  Gateway  
  71  6:56  Pylon, Probe, Gateway  
  71  7:00  Observer, Probe  
  71  7:01  Probe  
  73  7:07  Warp Prism (Chrono Boost)  
  73  7:08  Observer, Probe  
  74  7:13  Probe  
  74  7:14  Probe  
  74  7:15  Pylon  
  78  7:17  Photon Cannon  
  78  7:19  Shield Battery  
  78  7:24  Stalker  
  78  7:26  Probe  
  81  7:32  Zealot, Stalker  
  81  7:33  Zealot x2  
  81  7:37  Pylon  
  89  7:41  Photon Cannon  
  89  7:47  Zealot x2  
  91  7:54  Zealot x2  
  91  7:55  Zealot x3  
  90  7:59  Zealot  
  90  8:02  Protoss Ground Armor Level 1 (Chrono Boost)  
  92  8:07  Robotics Bay  
  92  8:09  Observer  
  92  8:10  Stalker x2  
  89  8:22  Zealot, Stalker x2  
  89  8:23  Zealot x2  
  89  8:25  Probe  
  100  8:37  Probe, Pylon  
  101  8:44  Immortal (Chrono Boost)  
  101  8:48  Zealot x2  
  99  8:49  Zealot  
  99  8:50  Pylon  
  99  8:53  Zealot x4  
  94  8:55  Stalker  
  86  9:11  Zealot x3  
  86  9:16  Colossus (Chrono Boost)  
  82  9:18  Zealot, Stalker x3  
  94  9:30  Stalker  
  90  9:35  Zealot x3  
  86  9:41  Nexus  
  84  9:50  Photon Cannon  
  84  9:51  Shield Battery  
  84  9:52  Zealot, Stalker x2  
  90  9:57  Observer (Chrono Boost)  
  91  10:04  Zealot x3, Stalker  
  90  10:11  Zealot  
  74  10:18  Zealot x2  
  74  10:19  Zealot  
Tags
 
Add a new tag
Caveats
  • Supply blocks, unpowered buildings, or Contaminate may cause inaccurate times.
  • Supply counts are checked every 10 seconds.